 Dungeon Crawl Stone Soup version 0.29-a0-1016-g236c7fd91e (webtiles) character file.

Game seed: 17764828906911469594

31 Mesmaeker13 the Insei (level 3, -9/23 HPs)
             Began as an Octopode Transmuter on Aug 9, 2022.
             Mangled by Terence
             ... wielding a +0 trident
              (10 damage)
             ... on level 1 of the Dungeon.
             The game lasted 00:01:08 (1454 turns).

Mesmaeker13 the Insei (Octopode Transmuter)         Turns: 1454, Time: 00:01:08

Health: -9/23      AC:  1    Str:  9    XL:     3   Next: 22%
Magic:  0/6        EV: 13    Int: 17    God:
Gold:   62         SH:  0    Dex: 12    Spells: 4/7 levels left

rFire   . . .      SeeInvis .     - Unarmed
rCold   . . .      Faith    .   (no shield)
rNeg    . . .      Spirit   +   (helmet restricted)
rPois   .          Reflect  .   c - amulet of guardian spirit
rElec   .          Harm     .   (no ring)
rCorr   .          Rampage  .   (no ring)
Will    .....                   (no ring)
Stlth   ++........              (no ring)
HPRegen 0.07/turn               (no ring)
MPRegen 0.10/turn               (no ring)
                                (no ring)
                                (no ring)

@: wereblooded
A: almost no armour, amphibious, 8 rings, camouflage 1, gelatinous body 1,
(nimble swimmer 1), tentacles
a: no special abilities


You were on level 1 of the Dungeon.
You visited 1 branch of the dungeon, and saw 2 of its levels.

You collected 62 gold pieces.

Inventory:

Jewellery
 c - an amulet of guardian spirit (around mantle)
Scrolls
 b - a scroll of teleportation {unknown}
 e - 2 scrolls of identify {unknown}
 h - a scroll of vulnerability {unknown}
Potions
 a - a potion of lignification
 d - a potion of might {unknown}
 f - 3 potions of flight {unknown}
 g - 2 potions of mutation {unknown}


   Skills:
 - Level 1.0 Fighting
 - Level 2.0 Dodging
 + Level 3.4 Unarmed Combat
 + Level 2.5 Spellcasting
 + Level 2.5 Transmutations


You had 4 spell levels left.
You knew the following spells:

 Your Spells              Type           Power      Damage    Failure   Level
a - Beastly Appendage     Tmut           20%        N/A       6%          1
b - Wereblood             Tmut           10%        N/A       10%         2

Your spell library contained the following spells:

 Spells                   Type           Power      Damage    Failure   Level
 Magic Dart               Conj           8%         1d3       19%         1
 Call Imp                 Summ           2%         N/A       28%         2
 Spider Form              Tmut/Pois      6%         N/A       32%         3
 Mephitic Cloud           Conj/Pois/Air  2%         N/A       50%         3
 Ice Form                 Ice/Tmut       6%         N/A       73%         4


Dungeon Overview and Level Annotations

Branches:
Dungeon (2/15)

Altars:

Annotations:
D:1 Terence
D:2 Robin


Innate Abilities, Weirdness & Mutations

You cannot wear most types of armour.
You are amphibious.
You can wear up to eight rings at the same time.
Your skin changes colour to match your surroundings (Stealth+).
Your rubbery body absorbs attacks. (AC +1, EV +1)
((You are camouflaged when in or above water. (Stealth+)))
You have tentacles for arms and can constrict up to eight enemies at once.


Message History

There is an escape hatch in the ceiling here.
Casting: Beastly Appendage (safe; 6% risk of failure)
Confirm with . or Enter, or press ? or * to list all spells.
One of your tentacles grows a vicious spike.
Your transformation is almost over.
The giant cockroach bites you.
You tentacle-slap the giant cockroach but do no damage.
You grab the giant cockroach. You constrict the giant cockroach.
The giant cockroach barely misses you.
Casting: Beastly Appendage (safe; 6% risk of failure)
Confirm with . or Enter, or press ? or * to list all spells.
Your blood is infused with primal strength.
You constrict the giant cockroach, but do no damage.
The giant cockroach bites you but does no damage.
You tentacle-slap the giant cockroach. You squeeze the giant cockroach.
You feel a bit better.
You kill the giant cockroach!
Terence barely misses you. A mysterious force pulls you upwards.
The hatch slams shut behind you.
You tentacle-slap Terence but do no damage.
Your grab misses Terence.
Your tentacle spike misses Terence.
Terence hits you with a +0 trident.
You closely miss Terence. Your grab misses Terence.
You howl as the wereblood boils in your veins!
Terence closely misses you.
You tentacle-slap Terence but do no damage.
Your grab misses Terence.
Your tentacle spike misses Terence.
Your squeeze misses Terence.
Your tentacle spike disappears.
Terence hits you with a +0 trident!
You tentacle-slap Terence. Your grab misses Terence.
Terence is moderately wounded.
You howl as the wereblood boils in your veins!
Terence hits you with a +0 trident!
* * * LOW HITPOINT WARNING * * *
You tentacle-slap Terence. You grab Terence.
Terence is moderately wounded.
You constrict Terence, but do no damage.
Terence hits you with a +0 trident!
You die...

....#
#.............#
..###
#..>..........# ###
#.............# ..#
#.............#
#.###
#.............#
....#
#.............#
..#.#
######.########
..#.##########'#####
..#.##..........@..#
..#.##..........@..#
.##.##..)..........#
.##.##.....>.......#
.##.##.............#
.##................#
.##.)#..###........#
.##..######.########
.##..# #≈#.#


You could see Terence.

Vanquished Creatures
  A dart slug (D:1)
  3 ball pythons (D:1)
  2 bats (D:1)
  An endoplasm (D:1)
  A giant cockroach (D:2)
  5 goblins
  4 hobgoblins (D:1)
  2 quokkas (D:1)
  2 frilled lizards
  A kobold (D:1)
  6 rats
28 creatures vanquished.

Notes
Turn   | Place    | Note
-------+----------+-------------------------------------------
     0 | D:1      | Mesmaeker13 the Octopode Transmuter began the quest for the
                  | Orb.
     0 | D:1      | Reached XP level 1. HP: 13/13 MP: 3/3
   288 | D:1      | Reached XP level 2. HP: 14/18 MP: 0/5
  1267 | D:1      | Reached XP level 3. HP: 21/23 MP: 4/6
  1341 | D:1      | Learned a level 2 spell: Wereblood
  1376 | D:2      | Noticed Robin
  1437 | D:2      | Noticed Terence
  1453 | D:1      | HP: 1/23 [Terence/+0 trident (9)]
  1454 | D:1      | Mangled by Terence

Illustrated notes

Levels and vault maps discovered:
D:1:      nzn_arrival_settlement, layout_basic, chequers_serial_rivers_micro_a
D:2:      layout_rooms, shapermc_ecumenical_altar_flowoftime, uniq_terence,
          uniq_robin

Action                   || total
-------------------------++-------
Melee: Unarmed           ||    62
       Constrict         ||    16
       Kick              ||    14
       Tentacles         ||     9
 Cast: Beastly Appendage ||    19
       Wereblood         ||     1
 Stab: Sleeping          ||     2
Armor: Skin              ||     6
Dodge: Dodged            ||    50

Table legend: (Time is in decaauts)
 A = Elapsed time spent in this place.
 B = Non-inter-level travel time spent in this place.
 C = Inter-level travel time spent in this place.
 D = Time resting spent in this place.
 E = Time spent auto-exploring this place.
 F = Levels seen in this place.
 G = Mean time per level.
                   A        B        C        D        E       F      G
               +--------+--------+--------+--------+--------+-----+--------+
         Total |   1450 |   1383 |     67 |     34 |   1134 |   2 |  725.0 |
       Dungeon |   1450 |   1383 |     67 |     34 |   1134 |   2 |  725.0 |
               +--------+--------+--------+--------+--------+-----+--------+

Top non-repeatable levels by time:
     D:1: 1416 daAuts
     D:2: 34 daAuts
